 Dungeon Crawl Stone Soup version 0.30-a0-223-gcb0039aa0c (webtiles) character file.

Game seed: 2064552452292648304

42 qw the Chopper (level 3, -1/23 HPs)
             Began as a Gargoyle Fighter on Oct 9, 2022.
             Slain by a water moccasin (8 damage)
             ... on level 3 of the Dungeon.
             The game lasted 00:00:28 (1550 turns).

qw the Chopper (Gargoyle Fighter)                   Turns: 1550, Time: 00:00:28

Health: -1/23      AC: 10    Str: 21    XL:     3   Next: 56%
Magic:  3/3        EV:  9    Int:  6    God:
Gold:   111        SH:  4    Dex:  9    Spells: 2/2 levels left

rFire   . . .      SeeInvis .    Y - +2 war axe
rCold   . . .      Faith    .    c - +0 buckler
rNeg    + . .      Spirit   .    b - +0 scale mail
rPois   inf        Reflect  .    (no helmet)
rElec   +          Harm     .    (no cloak)
rCorr   .          Rampage  .    (no gloves)
Will    .....                    (no boots)
Stlth   ..........               (no amulet)
HPRegen 0.23/turn                (no ring)
MPRegen 0.08/turn                (no ring)

@: no status effects
A: sickness immunity, AC +3, negative energy resistance 1, electricity
resistance, torment resistance 1, petrification resistance, dopey 1, wild magic
1
a: no special abilities


You were on level 3 of the Dungeon.
You visited 1 branch of the dungeon, and saw 3 of its levels.

You collected 111 gold pieces.


Innate Abilities, Weirdness & Mutations

You are immune to sickness and miasma.
Your stone body is resilient. (AC +3)
You are immune to poison.
You resist negative energy. (rN+)
You are resistant to electric shocks. (rElec)
You are resistant to unholy torment.
You are immune to petrification.
You are dopey. (Int -2)
Your spells are a little harder to cast, but a little more powerful.


   Skills:
 - Level 3.2 Fighting
 + Level 3.5 Axes
 - Level 3.2 Armour
 - Level 3.2 Shields


You had 2 spell levels left.
You didn't know any spells.
Your spell library was empty.

Inventory:

Hand Weapons
 h - a +0 whip
 Y - a +2 war axe (weapon)
Missiles
 m - 2 boomerangs (quivered)
Armour
 b - a +0 scale mail (worn)
 c - a +0 buckler (worn)
 j - a +0 chain mail
 n - a scarf of shadows
Jewellery
 k - an amulet of guardian spirit
 o - a ring of fire
Scrolls
 p - a scroll of identify {unknown}
Potions
 a - 2 potions of curing {unknown}
 d - a potion of might
 e - a potion of lignification {unknown}
 f - a potion of mutation
 g - a potion of heal wounds {unknown}
 i - a potion of degeneration {unknown}
 l - a potion of berserk rage {unknown}

Dungeon Overview and Level Annotations

Branches:
Dungeon (3/15)

Altars:

Shops:
D:3 *


Message History

Press: ? - help, Q - select action Shift-Dir - straight line, f - bat You throw a boomerang.
The boomerang completely misses the bat.
You block the bat's attack. The bat barely misses you.
You barely miss the bat. The bat hits you but does no damage.
You block the bat's attack.
You slash the bat!
You kill the bat!
You now have 111 gold pieces (gained 14).
Found a stone staircase leading down.
An adder comes into view.
1541 ||| Stepping ~*~*~tactically~*~*~ (stealth).
p - a scroll labelled VUYTU LURUSUZ A water moccasin comes into view.
Found 9 gold pieces.
The water moccasin hisses angrily.
The adder hisses angrily.
Throw: 2 boomerangs
Press: ? - help, Q - select action Shift-Dir - straight line, f - water moccasin You throw a boomerang.
The boomerang closely misses the water moccasin.
You hit the water moccasin.
The water moccasin is lightly wounded.
The water moccasin closely misses you.
The water moccasin completely misses you.
You miss the water moccasin.
The water moccasin is lightly wounded.
The water moccasin bites you. The water moccasin closely misses you.
You slash the water moccasin!
The water moccasin is severely wounded.
The water moccasin completely misses you.
The water moccasin bites you.
You hit the water moccasin but do no damage.
The water moccasin is heavily wounded.
The water moccasin bites you! The water moccasin closely misses you.
You closely miss the water moccasin.
The water moccasin is heavily wounded.
The water moccasin closely misses you. The water moccasin bites you!
You die...

#....######.......
###......##.......
#...##...##.#.###.
#.####........# #
#.###..#..########
#..>..##..........
##.######..........
#..# ##...........
#.@7 #............
#7S\.7..#..<.......
S#7..###..%.......
#. ##.# #..........
.. ..# #..........
... # #..........
... ###########
#$..


You could see a water moccasin and an adder.

Vanquished Creatures
  An adder (D:3)
  A dart slug (D:1)
  2 ball pythons (D:1)
  3 endoplasms (D:2)
  3 goblins
  4 hobgoblins
  2 jackals (D:2)
  2 kobolds (D:2)
  A quokka (D:1)
  6 bats
  A frilled lizard (D:1)
  3 rats
29 creatures vanquished.

Notes
Turn   | Place    | Note
-------+----------+-------------------------------------------
     0 | D:1      | qw the Gargoyle Fighter began the quest for the Orb.
     0 | D:1      | Reached XP level 1. HP: 14/14 MP: 1/1
     0 | D:1      | 0 ||| qw: Version: 0.2-a-17-g06abaee
     0 | D:1      | 0 ||| qw: Game counter: 2147
     0 | D:1      | 0 ||| qw: Always use a shield: true
     0 | D:1      | 0 ||| qw: God list: Okawaru
     0 | D:1      | 0 ||| qw: Allow faded altars: false
     0 | D:1      | 0 ||| qw: Do Orc after D:15 true
     0 | D:1      | 0 ||| qw: Do second Lair branch before Depths: true
     0 | D:1      | 0 ||| qw: Lair rune preference: random
     0 | D:1      | 0 ||| qw: Plans: Normal, Zot:1-4, God:TSO, Crypt, Tomb,
                  | Pan, Slime:5, Hells, Abyss, Orb
     0 | D:1      | 0 ||| PLANNING D:1-11
    72 | D:1      | HP: 3/14 [dart slug (2)]
    75 | D:1      | HP: 1/14 [dart slug (2)]
    77 | D:1      | Reached XP level 2. HP: 2/19 MP: 2/2
   232 | D:1      | 232 ||| DROPPING +0 club.
   251 | D:1      | 251 ||| Stepping ~*~*~tactically~*~*~ (stealth).
   429 | D:1      | Found a faded altar of an unknown god.
   603 | D:1      | 603 ||| READING scroll labelled EGRUUSISODGH.
   604 | D:1      | 604 ||| READING scroll labelled XILEITI UTASO.
   605 | D:1      | 605 ||| READING scroll labelled IHOAS QUODGH.
   606 | D:1      | 606 ||| DRINKING 2 bubbling orange potions.
   606 | D:1      | Gained mutation: You are clumsy. (Dex -2) [potion of
                  | mutation]
   606 | D:1      | Gained mutation: You are dopey. (Int -2) [potion of
                  | mutation]
   606 | D:1      | Lost mutation: You are clumsy. (Dex -2) [potion of
                  | mutation]
   606 | D:1      | Gained mutation: Your spells are a little harder to cast,
                  | but a little more powerful. [potion of mutation]
   859 | D:2      | 859 ||| Stepping ~*~*~tactically~*~*~ (stealth).
   866 | D:2      | Reached skill level 3 in Axes
   877 | D:2      | Reached XP level 3. HP: 23/23 MP: 3/3
  1058 | D:2      | 1058 ||| READING scroll of enchant weapon.
  1058 | D:2      | 1058 ||| ENCHANTING +1 war axe.
  1458 | D:2      | 1458 ||| DROPPING ring of flight.
  1459 | D:2      | 1459 ||| READING scroll labelled RESONO RUIXZU.
  1460 | D:2      | 1460 ||| READING scroll labelled NATEVA LUONT.
  1461 | D:2      | 1461 ||| READING scroll labelled GYSUVAUZYCH.
  1535 | D:3      | Found Qiavewku's General Store.
  1541 | D:3      | 1541 ||| Stepping ~*~*~tactically~*~*~ (stealth).
  1543 | D:3      | Noticed a water moccasin
  1550 | D:3      | Slain by a water moccasin

Levels and vault maps discovered:
D:1:      scummos_arrival_simple_crosswalls, layout_basic,
          ebering_ecumenical_altar_hall
D:2:      layout_loops_corners
D:3:      layout_rooms, mainiacjoe_overflow_24_doors, amcnicky_altar_gilded,
          serial_shops, shop, nicolae_shop_trees, shop, uniq_ijyb

Skill      XL: |  1  2 |
---------------+-------+-----
Axes           | 2 3 |  3.5
Fighting       | |  3.2
Armour         | |  3.2
Shields        | |  3.2

Action                   || total
-------------------------++-------
Melee: War axe           ||    77
Throw: Boomerang         ||    27
  Use: Scroll            ||     7
       Potion            ||     1
Armor: Scale mail        ||    45
Dodge: Dodged            ||    58
Block: Buckler           ||    11

Table legend:
 A = Non-vault XP
 B = Vault XP
 C = Vault XP percentage of total XP
 D = Non-vault monster count
 E = Vault monster count
 F = Vault count percentage of total count
                 A         B        C        D         E       F
            +---------+---------+-------+---------+---------+-------
      Total |      61 |       0 |   0.0 |      29 |       0 |   0.0
            +---------+---------+-------+---------+---------+-------
        D:1 |      18 |       0 |   0.0 |      10 |       0 |   0.0
        D:2 |      26 |       0 |   0.0 |      15 |       0 |   0.0
        D:3 |      17 |       0 |   0.0 |       4 |       0 |   0.0
            +---------+---------+-------+---------+---------+-------
